PAA
MYRTLE BEACH MERMEN @ SUN PRAIRIE SWALLOWS
09/11/2021
 
TOP OF THE 1ST
Myrtle Beach Mermen batting - Pitching for Sun Prairie Swallows : RHP Scott Woodger
Pitching: RHP Scott Woodger
Batting: RHB Scott Peterson 0-0: Ball
1-0: Ball
2-0: Foul Ball, location: 2F
2-1: Fly out, F6 (Popup, 6D)
Batting: RHB Javier Robles 0-0: Ball
1-0: Foul Ball, location: 2F
1-1: Ball
2-1: SINGLE (Flyball, 8LS)
Batting: RHB Álex Rodríguez 0-0: Ball
1-0: Ball
2-0: Foul Ball, location: 2F
2-1: Foul Ball, location: 2F
2-2: Ball
3-2: Foul Ball, location: 2F
3-2: SINGLE (Groundball, 25) (infield hit)
Javier Robles to second
Batting: RHB Pedro González 0-0: Foul Ball, location: 2F
0-1: Grounds into double play, 6-4-3 (Groundball, 6)
Top of the 1st over - 0 run(s), 2 hit(s), 0 error(s), 1 left on base; Myrtle Beach 0 - Sun Prairie 0
BOTTOM OF THE 1ST
Sun Prairie Swallows batting - Pitching for Myrtle Beach Mermen : RHP David Auchinleck
Pitching: RHP David Auchinleck
Batting: RHB Joel Frazier 0-0: Foul Ball, location: 2F
0-1: Ball
1-1: Ball
2-1: Ball
3-1: Ground out 6-3 (Groundball, 6)
Batting: RHB Marcos Rivera 0-0: SINGLE (Groundball, 3D)
Batting: RHB Joe Craig 0-0: Ball
1-0: Ball
2-0: Ball
Wild Pitch!
Marcos Rivera to second
3-0: Called Strike
3-1: Fly out, F9 (Flyball, 9M)
Batting: RHB Scott Forrest 0-0: Called Strike
0-1: Foul Ball, location: 2F
0-2: SINGLE (Line Drive, 56D)
Marcos Rivera to third
Runner from 3rd tries for Home, SAFE, no throw or cutoff
Batting: RHB José Carlos Ramos 0-0: Ball
1-0: Foul Ball, location: 2F
1-1: Fly out, F5 (Line Drive, 56S)
Bottom of the 1st over - 1 run(s), 2 hit(s), 0 error(s), 1 left on base; Myrtle Beach 0 - Sun Prairie 1
TOP OF THE 2ND
Myrtle Beach Mermen batting - Pitching for Sun Prairie Swallows : RHP Scott Woodger
Batting: RHB Kevin Tyler 0-0: Called Strike
0-1: Ground out 6-3 (Groundball, 6)
Batting: RHB José Caballero 0-0: Fly out, F8 (Popup, 78S)
Batting: LHB Steven Johnstone 0-0: Ball
1-0: Ground out 4-3 (Groundball, 4)
Top of the 2nd over - 0 run(s), 0 hit(s), 0 error(s), 0 left on base; Myrtle Beach 0 - Sun Prairie 1
BOTTOM OF THE 2ND
Sun Prairie Swallows batting - Pitching for Myrtle Beach Mermen : RHP David Auchinleck
Batting: RHB Kent Jackson 0-0: Called Strike
0-1: Swinging Strike
0-2: Hit by Pitch
Batting: RHB Reece White 0-0: Ball
1-0: SINGLE (Line Drive, 56)
Kent Jackson to second
Batting: LHB Jason Tagwerker 0-0: Ball
Wild Pitch!
Kent Jackson to third
Reece White to second
1-0: Called Strike
1-1: Ball
2-1: Fly out, F7 (Flyball, 7S)
Batting: SHB Aurelio Costello 0-0: Ball
1-0: Called Strike
1-1: Called Strike
1-2: Foul Ball, location: 2F
1-2: Ball
2-2: Foul Ball, location: 2F
2-2: Fly out, F8 (Flyball, 8LS)
Batting: RHB Joel Frazier 0-0: Ball
1-0: Foul Ball, location: 2F
1-1: Ball
2-1: Foul Ball, location: 2F
2-2: Ball
3-2: Foul Ball, location: 2F
3-2: Base on Balls
Batting: RHB Marcos Rivera 0-0: Ball
1-0: Fly out, F7 (Line Drive, 78XD)
Bottom of the 2nd over - 0 run(s), 1 hit(s), 0 error(s), 3 left on base; Myrtle Beach 0 - Sun Prairie 1
TOP OF THE 3RD
Myrtle Beach Mermen batting - Pitching for Sun Prairie Swallows : RHP Scott Woodger
Batting: RHB Mike Fleming 0-0: Called Strike
0-1: Ball
1-1: Ball
2-1: Foul Ball, location: 2F
2-2: Ball
3-2: Strikes out swinging
Batting: SHB Val Brown 0-0: Foul Ball, location: 2F
0-1: SINGLE (Groundball, 34)
Batting: RHB Scott Peterson 0-0: Fielders Choice at 2nd, 4-6 (Groundball, 34)
Batting: RHB Javier Robles 0-0: Ball
1-0: Fly out, F8 (Flyball, 8LM)
Top of the 3rd over - 0 run(s), 1 hit(s), 0 error(s), 1 left on base; Myrtle Beach 0 - Sun Prairie 1
BOTTOM OF THE 3RD
Sun Prairie Swallows batting - Pitching for Myrtle Beach Mermen : RHP David Auchinleck
Batting: RHB Joe Craig 0-0: Ball
1-0: Foul Ball, location: 2F
1-1: Ball
2-1: SINGLE (Groundball, 5D)
Batting: RHB Scott Forrest 0-0: Ball
1-0: Swinging Strike
1-1: Ball
2-1: Grounds into double play, 6-4-3 (Groundball, 6M)
Batting: RHB José Carlos Ramos 0-0: Called Strike
0-1: Ball
1-1: Ground out 5-3 (Groundball, 6S)
Bottom of the 3rd over - 0 run(s), 1 hit(s), 0 error(s), 0 left on base; Myrtle Beach 0 - Sun Prairie 1
TOP OF THE 4TH
Myrtle Beach Mermen batting - Pitching for Sun Prairie Swallows : RHP Scott Woodger
Batting: RHB Álex Rodríguez 0-0: Called Strike
0-1: SINGLE (Groundball, 4MD)
Batting: RHB Pedro González 0-0: Ball
1-0: Ball
2-0: Called Strike
2-1: Fly out, F6 (Popup, 6MD)
Batting: RHB Kevin Tyler 0-0: Ball
1-0: Ball
2-0: Foul Ball, location: 2F
2-1: Fly out, F4 (Popup, 4MD)
Batting: RHB José Caballero 0-0: Foul Ball, location: 2F
0-1: Fly out, F9 (Flyball, 9M)
Top of the 4th over - 0 run(s), 1 hit(s), 0 error(s), 1 left on base; Myrtle Beach 0 - Sun Prairie 1
BOTTOM OF THE 4TH
Sun Prairie Swallows batting - Pitching for Myrtle Beach Mermen : RHP David Auchinleck
Batting: RHB Kent Jackson 0-0: Called Strike
0-1: Ground out 5-3 (Groundball, 5S)
Batting: RHB Reece White 0-0: Ball
1-0: Ball
2-0: Called Strike
2-1: Ground out 5-3 (Groundball, 5S)
Batting: LHB Jason Tagwerker 0-0: Ball
1-0: Ball
2-0: Ball
3-0: Base on Balls
Batting: SHB Aurelio Costello 0-0: Ball
1-0: Ground out U3 (Groundball, 3)
Bottom of the 4th over - 0 run(s), 0 hit(s), 0 error(s), 1 left on base; Myrtle Beach 0 - Sun Prairie 1
TOP OF THE 5TH
Myrtle Beach Mermen batting - Pitching for Sun Prairie Swallows : RHP Scott Woodger
Batting: LHB Steven Johnstone 0-0: Ball
1-0: Ball
2-0: Ball
3-0: Base on Balls
Batting: RHB Mike Fleming 0-0: Ball
1-0: Sac Bunt - play at first, batter OUT! 1-4
Steven Johnstone to second
Batting: SHB Val Brown 0-0: Called Strike
0-1: Ball
1-1: Ground out 4-3 (Groundball, 4)
Steven Johnstone to third
Batting: RHB Scott Peterson 0-0: Called Strike
0-1: Ball
1-1: Called Strike
1-2: Ball
2-2: Ball
3-2: Fly out, F7 (Flyball, 7LM)
Top of the 5th over - 0 run(s), 0 hit(s), 0 error(s), 1 left on base; Myrtle Beach 0 - Sun Prairie 1
BOTTOM OF THE 5TH
Sun Prairie Swallows batting - Pitching for Myrtle Beach Mermen : RHP David Auchinleck
Batting: RHB Joel Frazier 0-0: Called Strike
0-1: Ball
1-1: Ball
2-1: Ball
3-1: Base on Balls
Batting: RHB Marcos Rivera 0-0: Bunt missed!
0-1: Bunted foul
0-2: Foul Ball, location: 2F
0-2: Foul Ball, location: 2F
0-2: Ball
1-2: Foul Ball, location: 2F
1-2: Ball
2-2: Ball
Joel Frazier steals 2nd base
3-2: TRIPLE (Line Drive, 8RM)
Joel Frazier scores
Batting: RHB Joe Craig 0-0: Ball
1-0: Called Strike
1-1: Ball
2-1: Swinging Strike
2-2: SINGLE (Flyball, 89S)
Marcos Rivera scores
Batting: RHB Scott Forrest 0-0: Ball
1-0: Swinging Strike
1-1: Foul Ball, location: 2F
1-2: Grounds into double play, 5-4-3 (Groundball, 56)
Batting: RHB José Carlos Ramos 0-0: Ball
1-0: Called Strike
1-1: Swinging Strike
1-2: SINGLE (Line Drive, 7LS)
Batting: RHB Kent Jackson 0-0: Ball
1-0: SINGLE (Line Drive, 7LM)
José Carlos Ramos to second
Pitching: LHP Pedro Aquino
Batting: RHB Reece White 0-0: Swinging Strike
0-1: Fly out, F4 (Popup, 3D)
Bottom of the 5th over - 2 run(s), 4 hit(s), 0 error(s), 2 left on base; Myrtle Beach 0 - Sun Prairie 3
TOP OF THE 6TH
Myrtle Beach Mermen batting - Pitching for Sun Prairie Swallows : RHP Scott Woodger
Batting: RHB Javier Robles 0-0: SINGLE (Groundball, 34)
Batting: RHB Álex Rodríguez 0-0: Ball
1-0: Fly out, F8 (Flyball, 89XD)
Batting: RHB Pedro González 0-0: Ball
1-0: Ball
2-0: Ball
3-0: Base on Balls
Javier Robles to second
Batting: RHB Kevin Tyler 0-0: Called Strike
0-1: DOUBLE (Line Drive, 9LM)
Javier Robles scores
Pedro González to third
Batting: RHB José Caballero 0-0: Called Strike
0-1: Ball
1-1: Called Strike
1-2: Strikes out swinging
Batting: LHB Steven Johnstone 0-0: Ball
1-0: Ball
2-0: Called Strike
2-1: DOUBLE (Line Drive, 89XD)
Pedro González scores
Kevin Tyler scores
Batting: RHB Mike Fleming 0-0: DOUBLE (Line Drive, 7LS)
Steven Johnstone scores
Batting: SHB Val Brown 0-0: DOUBLE (Line Drive, 7M)
Mike Fleming scores
Batting: RHB Scott Peterson 0-0: Called Strike
0-1: Foul Ball, location: 2F
0-2: Ball
1-2: Strikes out swinging
Top of the 6th over - 5 run(s), 5 hit(s), 0 error(s), 1 left on base; Myrtle Beach 5 - Sun Prairie 3
BOTTOM OF THE 6TH
Sun Prairie Swallows batting - Pitching for Myrtle Beach Mermen : LHP Pedro Aquino
Batting: LHB Jason Tagwerker 0-0: SINGLE (Groundball, 34D)
Batting: SHB Aurelio Costello 0-0: Reached on error, E3 (Groundball, 3S)
Jason Tagwerker to third
Batting: RHB Joel Frazier 0-0: Ball
1-0: Called Strike
1-1: Foul Ball, location: 2F
1-2: Ground out 6-3 (Groundball, 6M)
Jason Tagwerker scores
Aurelio Costello to third
Batting: RHB Marcos Rivera 0-0: SINGLE (Groundball, 6)
Aurelio Costello scores
Batting: RHB Joe Craig 0-0: Ball
Marcos Rivera steals 2nd base
1-0: Swinging Strike
1-1: Foul Ball, location: 2F
1-2: Foul Ball, location: 2F
1-2: Ball
2-2: Ball
3-2: Strikes out looking
Batting: RHB Scott Forrest 0-0: Swinging Strike
0-1: Swinging Strike
0-2: Ball
1-2: Ball
2-2: Strikes out swinging
Bottom of the 6th over - 2 run(s), 2 hit(s), 1 error(s), 1 left on base; Myrtle Beach 5 - Sun Prairie 5
TOP OF THE 7TH
Myrtle Beach Mermen batting - Pitching for Sun Prairie Swallows : RHP Scott Woodger
Batting: RHB Javier Robles 0-0: Swinging Strike
0-1: Foul Ball, location: 2F
0-2: Strikes out looking
Batting: RHB Álex Rodríguez 0-0: Ball
1-0: Ball
2-0: Ground out 5-3 (Groundball, 5)
Batting: RHB Pedro González 0-0: SINGLE (Line Drive, 7S)
Batting: RHB Kevin Tyler 0-0: Called Strike
0-1: Fielders Choice at 2nd, 6-4 (Groundball, 6)
Top of the 7th over - 0 run(s), 1 hit(s), 0 error(s), 0 left on base; Myrtle Beach 5 - Sun Prairie 5
BOTTOM OF THE 7TH
Sun Prairie Swallows batting - Pitching for Myrtle Beach Mermen : LHP Pedro Aquino
Batting: RHB José Carlos Ramos 0-0: Called Strike
0-1: Ball
1-1: Called Strike
1-2: Ground out 5-3 (Groundball, 5)
Batting: RHB Kent Jackson 0-0: Called Strike
0-1: Foul Ball, location: 2F
0-2: Strikes out swinging
Batting: RHB Reece White 0-0: Foul Ball, location: 2F
0-1: SINGLE (Groundball, 56D)
Batting: LHB Jason Tagwerker 0-0: Ball
1-0: Swinging Strike
1-1: Foul Ball, location: 2F
1-2: Strikes out looking
Bottom of the 7th over - 0 run(s), 1 hit(s), 0 error(s), 1 left on base; Myrtle Beach 5 - Sun Prairie 5
TOP OF THE 8TH
Myrtle Beach Mermen batting - Pitching for Sun Prairie Swallows : RHP Scott Woodger
Pinch Hitting: SHB David Vázquez 0-0: Ball
1-0: Fly out, F7 (Line Drive, 78M)
Batting: LHB Steven Johnstone 0-0: Swinging Strike
0-1: Ball
1-1: SINGLE (Groundball, 5D)
Batting: RHB Mike Fleming 0-0: Ball
1-0: Ball
2-0: Ball
3-0: Called Strike
3-1: Grounds into double play, 6-4-3 (Groundball, 6M)
Top of the 8th over - 0 run(s), 1 hit(s), 0 error(s), 0 left on base; Myrtle Beach 5 - Sun Prairie 5
BOTTOM OF THE 8TH
Sun Prairie Swallows batting - Pitching for Myrtle Beach Mermen : LHP Pedro Aquino
Now in CF: Ryan Carr
Pinch Hitting: SHB Christos Galpin 0-0: Fly out, F7 (Flyball, 7M)
Pinch Hitting: SHB Jared Robinson 0-0: Ball
1-0: Foul Ball, location: 2F
1-1: Swinging Strike
1-2: Foul Ball, location: 2F
1-2: Ball
2-2: Strikes out swinging
Batting: RHB Marcos Rivera 0-0: Foul Ball, location: 2F
0-1: Ball
1-1: Ball
2-1: Ball
3-1: Base on Balls
Batting: RHB Joe Craig 0-0: Fly out, F3 (Popup, 3L)
Bottom of the 8th over - 0 run(s), 0 hit(s), 0 error(s), 1 left on base; Myrtle Beach 5 - Sun Prairie 5
TOP OF THE 9TH
Myrtle Beach Mermen batting - Pitching for Sun Prairie Swallows : RHP Scott Woodger
Pitching: RHP Iván García
Now at 2B: Julián Rocha
Now at 3B: Jim Unknown
Batting: SHB Val Brown 0-0: SINGLE (Line Drive, 9LS)
Batting: RHB Scott Peterson 0-0: Ball
1-0: Bunted foul
1-1: Bunt missed!
1-2: Strikes out looking
Batting: RHB Javier Robles 0-0: Ball
1-0: Ball
2-0: Called Strike
2-1: SINGLE (Groundball, 34S)
Val Brown to second
Runner from 2nd tries for 3rd, SAFE, throw made to third
Batting: RHB Álex Rodríguez 0-0: Ball
1-0: Foul Ball, location: 2F
1-1: Swinging Strike
1-2: Strikes out swinging
Batting: RHB Pedro González 0-0: Called Strike
0-1: Ball
1-1: Ball
2-1: Called Strike
2-2: Foul Ball, location: 2F
Pickoff Throw to First - Out!
Top of the 9th over - 0 run(s), 2 hit(s), 0 error(s), 0 left on base; Myrtle Beach 5 - Sun Prairie 5
BOTTOM OF THE 9TH
Sun Prairie Swallows batting - Pitching for Myrtle Beach Mermen : LHP Pedro Aquino
Pitching: RHP Willis Parker
Batting: RHB Scott Forrest 0-0: Ball
1-0: Ball
2-0: Ball
3-0: Base on Balls
Batting: RHB José Carlos Ramos 0-0: Foul Ball, location: 2F
0-1: DOUBLE (Flyball, 8LXD)
Scott Forrest to third
Batting: RHB Kent Jackson 0-0: Swinging Strike
0-1: Foul Ball, location: 2F
0-2: Strikes out swinging
Batting: RHB Reece White 0-0: Intentional Walk
Batting: LHB Jason Tagwerker 0-0: Ball
1-0: Foul Ball, location: 2F
1-1: Fly out, F3 (Popup, 3SF)
Batting: RHB Jim Unknown 0-0: Ball
1-0: Called Strike
1-1: SINGLE (Groundball, 6MD)
Scott Forrest scores
This league is powered by Out of the Park Baseball, the baseball management simulation game for PC, Mac and Linux
Friday, January 22nd, 2016 - OOTP Baseball 16.9 Build 39